Map: Submarine LE

Players

LiquidClem (Clem)

  • Race: Terran Terran
  • League: Grandmaster
  • Spawn Location: 5:00

Reynor - Winner!

  • Race: Zerg Zerg
  • League: Master
  • Spawn Location: 11:00

Event: DreamHack SC2 Masters 2020 Winter

VOD

Have the link to the VOD?

Description

Time

  • Played on: Nov. 14, 2020, 12:43 p.m.
  • Length: 16:08

All games in this series

Show
View Real Time Build Order
Export as new Build Order

LiquidClem Terran 

Build Orders: Liberator Opening, Reaper Expand 

Get SALT Encoding   

  12  0:00  SCV  
  13  0:12  SCV  
  14  0:16  Supply Depot  
  14  0:24  SCV  
  15  0:38  SCV  
  15  0:40  Barracks  
  16  0:43  Refinery  
  16  0:50  SCV  
  17  1:02  SCV  
  18  1:14  SCV  
  19  1:26  Reaper  
  19  1:27  Orbital Command  
  20  1:39  Command Center  
  20  1:50  Supply Depot  
  20  1:52  SCV  
  21  1:58  Marine  
  22  2:04  SCV  
  23  2:14  Factory  
  23  2:15  Engineering Bay  
  23  2:18  SCV  
  23  2:21  Barracks Reactor  
  24  2:30  SCV  
  25  2:37  Refinery  
  25  2:42  SCV  
  26  2:54  SCV, Orbital Command  
  27  3:02  Starport  
  27  3:06  SCV, Hellion x2  
  27  3:07  Marine  
  33  3:16  Supply Depot  
  33  3:18  SCV  
  34  3:20  SCV  
  35  3:27  Hellion  
  35  3:28  Hellion, Barracks Tech Lab  
  35  3:30  SCV  
  40  3:38  Liberator  
  40  3:39  SCV  
  40  3:41  Supply Depot  
  44  3:42  SCV  
  45  3:49  Hellion x2  
  45  3:51  SCV  
  45  3:54  SCV  
  51  3:55  Stimpack  
  51  4:04  SCV  
  51  4:07  SCV  
  53  4:12  Command Center  
  53  4:16  SCV  
  54  4:21  Starport Reactor  
  54  4:22  Supply Depot  
  54  4:23  SCV  
  55  4:25  Marine  
  55  4:27  Factory Tech Lab  
  55  4:30  SCV  
  57  4:32  Barracks  
  57  4:37  Barracks  
  57  4:39  SCV  
  57  4:42  SCV  
  57  4:43  Supply Depot, Marine  
  60  4:47  Engineering Bay  
  60  4:50  Engineering Bay  
  60  4:52  SCV  
  61  4:54  SCV  
  61  4:56  Siege Tank  
  65  5:01  Refinery  
  65  5:03  Refinery  
  65  5:06  SCV  
  66  5:13  Marine  
  64  5:16  Terran Infantry Weapons Level 1  
  64  5:17  Terran Infantry Armor Level 1  
  64  5:18  SCV x2  
  64  5:20  Starport Reactor  
  66  5:22  Marine x2  
  66  5:26  Orbital Command  
  68  5:30  Marine x2  
  68  5:31  Marine  
  68  5:33  SCV  
  68  5:34  SCV  
  73  5:36  Siege Tank  
  73  5:41  Supply Depot, Marine x2  
  78  5:43  Combat Shield  
  78  5:47  SCV x2  
  80  5:51  Orbital Command  
  80  5:52  Marine x2  
  80  5:54  Marine  
  83  5:59  SCV, Medivac, Supply Depot  
  83  6:01  Medivac  
  83  6:02  Marine  
  83  6:04  SCV  
  90  6:08  Supply Depot  
  90  6:11  SCV  
  91  6:12  Siege Tank  
  91  6:13  Marine  
  91  6:14  Marine  
  91  6:15  Marine  
  91  6:16  Marine  
  98  6:20  SCV, Marine  
  98  6:24  Armory  
  101  6:25  SCV  
  101  6:31  Marine  
  101  6:32  Marine  
  103  6:37  SCV x3, Marine  
  103  6:39  Supply Depot  
  107  6:40  Marine  
  107  6:42  Medivac  
  107  6:44  Medivac, Marine  
  113  6:48  Marine  
  113  6:49  Supply Depot  
  113  6:50  SCV  
  113  6:52  Marine  
  116  6:56  Barracks  
  116  6:57  Barracks  
  116  7:00  SCV  
  117  7:01  Barracks  
  117  7:05  Marine  
  117  7:06  Marine  
  117  7:07  Marine  
  110  7:10  SCV, Marine x2  
  110  7:14  Siege Tank  
  100  7:20  SCV  
  100  7:22  SCV  
  89  7:23  Marine  
  89  7:24  Marine  
  89  7:25  SCV, Marine  
  89  7:27  Marine  
  89  7:28  Marine  
  89  7:29  Terran Infantry Weapons Level 2  
  92  7:36  Terran Infantry Armor Level 2  
  92  7:37  SCV x2  
  92  7:38  Supply Depot  
  92  7:40  Marine  
  92  7:42  SCV, Marine  
  92  7:43  Marine  
  97  7:47  Marine  
  97  7:48  Marine  
  97  7:49  SCV x2  
  101  7:51  Siege Tank  
  103  7:58  SCV, Marine  
  103  7:59  Marine  
  103  8:01  Marine  
  103  8:03  SCV  
  99  8:05  Marine  
  99  8:06  Marine  
  99  8:10  Barracks Reactor  
  99  8:12  Barracks Reactor, SCV  
  92  8:13  SCV  
  92  8:15  Liberator  
  92  8:17  SCV, Medivac  
  92  8:18  Marine  
  92  8:19  Marine x2  
  102  8:23  Marine  
  102  8:24  Marine  
  104  8:30  Supply Depot, Barracks  
  104  8:31  Supply Depot  
  104  8:36  Marine x2  
  104  8:37  Marine  
  104  8:39  Siege Tank  
  110  8:41  Marine  
  110  8:42  Marine  
  110  8:47  Command Center, Marine x2  
  110  8:48  Marine  
  115  8:49  Marine  
  115  8:54  Refinery, Marine x2  
  118  8:56  Marine  
  118  8:58  Factory  
  118  8:59  Marine  
  118  9:01  Marine  
  121  9:05  Marine x2  
  121  9:09  Marine x2  
  125  9:10  Supply Depot  
  125  9:11  Siege Tank  
  125  9:12  Marine x2  
  125  9:13  Marine  
  125  9:15  Medivac  
  125  9:16  Drilling Claws  
  125  9:17  Marine  
  133  9:21  Supply Depot, Marine x2  
  136  9:25  Marine x2  
  136  9:26  Marine  
  139  9:34  Marine x2  
  139  9:36  Marine x2  
  133  9:40  Refinery, Marine x2  
  133  9:42  Factory Reactor  
  133  9:43  Siege Tank  
  133  9:44  Marine x3  
  133  9:45  Marauder  
  143  9:49  Barracks  
  143  9:52  Marine x2  
  144  9:55  Medivac  
  144  9:56  Medivac  
  144  9:59  Supply Depot  
  149  10:05  Marine  
  146  10:07  Bunker  
  146  10:08  Sensor Tower  
  146  10:14  Marine  
  146  10:15  Siege Tank  
  146  10:17  Marine  
  146  10:20  Widow Mine  
  146  10:21  Widow Mine, Marine  
  154  10:27  Terran Infantry Weapons Level 3  
  155  10:32  Terran Infantry Armor Level 3  
  155  10:33  Marine  
  156  10:38  Planetary Fortress, Marine  
  156  10:41  Marine x3  
  156  10:44  Widow Mine  
  156  10:45  SCV  
  156  10:47  SCV, Marine x2  
  156  10:48  Widow Mine  
  150  10:50  SCV  
  150  10:51  Marine  
  150  10:52  Marine  
  150  10:54  Marine  
  150  10:56  Marine  
  143  10:57  SCV  
  143  10:59  Marine  
  143  11:01  Marine  
  143  11:02  SCV  
  145  11:04  Marine  
  145  11:10  Medivac  
  148  11:13  Siege Tank  
  148  11:14  Marine  
  148  11:15  Marauder  
  148  11:17  SCV  
  155  11:19  SCV x2  
  155  11:23  Marine  
  158  11:28  SCV  
  157  11:33  SCV x2  
  157  11:36  Marauder  
  157  11:37  Marine x2  
  157  11:39  Marine x2  
  165  11:45  Siege Tank  
  167  11:48  Barracks Tech Lab x3  
  167  11:50  Marine  
  167  11:58  Marauder, Widow Mine  
  167  11:59  Widow Mine, Marine x2  
  170  12:02  Marine x2  
  170  12:04  Marine  
  170  12:05  SCV  
  174  12:08  SCV x2, Marine  
  174  12:09  SCV, Marine x2  
  180  12:16  Marine x2  
  180  12:17  SCV, Marine, Siege Tank  
  180  12:19  Marauder, Marine  
  186  12:28  Marauder x2  
  186  12:29  Widow Mine  
  183  12:34  Marauder, Marine x3  
  183  12:35  Marine  
  181  12:38  SCV x2  
  181  12:39  SCV  
  181  12:40  Marauder  
  181  12:41  SCV  
  183  12:48  Marine  
  183  12:49  Marauder, Siege Tank  
  183  12:50  SCV  
  186  12:55  Marauder  
  186  12:56  Factory Tech Lab  
  186  12:57  Medivac  
  190  12:59  Supply Depot, Marauder  
  192  13:06  Command Center  
  186  13:19  Marauder  
  162  13:20  Medivac  
  162  13:21  Siege Tank x2  
  162  13:22  Marauder, Marine x2  
  162  13:23  Marauder x2, Marine  
  172  13:27  Medivac  
  172  13:32  Missile Turret  
  169  13:36  Marine  
  169  13:40  Marauder  
  166  13:43  Marauder  
  166  13:49  Marauder  
  166  13:51  Marine  
  166  13:52  Marauder, Marine  
  166  13:53  Siege Tank  
  166  13:54  Medivac, Siege Tank  
  176  14:02  Marine  
  176  14:03  Marauder, Marine  
  176  14:05  Marauder  
  176  14:07  Marine x2  
  176  14:09  Marine  
  180  14:10  Marauder  
  180  14:13  Marauder  
  177  14:19  Ghost Academy  
  166  14:26  Marauder, Siege Tank x2  
  166  14:27  Marauder, Marine x4  
  166  14:29  Supply Depot, Marine x2  
  175  14:31  Marauder  
  175  14:34  Marine  
  176  14:44  Marine x2  
  152  14:47  Marine  
  152  14:48  Marauder x2  
  152  14:52  Marauder, Marine  
  150  14:55  Medivac  
  150  14:56  Marine x2  
  150  14:58  Siege Tank x2  
  142  15:01  Medivac  
  142  15:02  Marine  
  145  15:07  Marine x2  
  145  15:09  Marauder, Marine  
  145  15:10  Marine  
  145  15:13  SCV x2  
  150  15:14  Refinery  
  150  15:15  SCV  
  150  15:19  Marauder  
  139  15:28  Marauder  
  133  15:31  Marauder, Siege Tank  
  133  15:34  Siege Tank  
  133  15:35  Marine x4  
  138  15:38  SCV  
  138  15:40  Marauder  
  131  15:45  Marine x2  
Show
View Real Time Build Order
Export as new Build Order

Reynor Zerg - Winner!

Build Orders: Hatch First, Lurkers 

Get SALT Encoding   

  12  0:00  Drone  
  13  0:12  Overlord  
  13  0:17  Drone  
  14  0:30  Drone x2  
  16  0:48  Hatchery  
  15  0:51  Drone  
  15  0:54  Drone  
  17  0:57  Drone  
  18  1:08  Extractor  
  17  1:13  Spawning Pool  
  17  1:16  Drone  
  17  1:19  Drone  
  18  1:27  Drone  
  19  1:38  Drone  
  20  1:49  Drone  
  21  1:59  Queen x2  
  21  2:00  Zergling x4  
  27  2:12  Overlord  
  27  2:13  Drone  
  28  2:31  Drone x2  
  28  2:34  Metabolic Boost  
  28  2:36  Queen  
  31  2:40  Drone, Extractor  
  31  2:41  Drone  
  32  2:45  Overlord  
  32  2:46  Drone  
  33  2:52  Extractor  
  33  2:54  Zergling x2  
  33  2:56  Spore Crawler  
  33  2:57  Drone  
  34  2:59  Extractor  
  34  3:04  Drone x2  
  37  3:09  Hatchery  
  37  3:10  Drone  
  38  3:16  Queen  
  38  3:19  Overlord  
  40  3:22  Drone  
  40  3:23  Drone  
  40  3:25  Drone  
  43  3:28  Drone  
  44  3:39  Zergling x4  
  46  3:41  Queen  
  46  3:42  Drone  
  46  3:44  Drone x2  
  46  3:46  Overlord  
  51  3:49  Drone  
  52  3:59  Overlord  
  52  4:04  Drone x2  
  52  4:05  Drone x2  
  56  4:10  Zergling x2  
  59  4:17  Zergling x6  
  59  4:18  Drone  
  59  4:20  Extractor  
  59  4:21  Queen  
  59  4:23  Drone x5  
  67  4:28  Drone  
  67  4:30  Spore Crawler  
  67  4:31  Evolution Chamber  
  66  4:32  Overlord  
  66  4:35  Spore Crawler  
  65  4:42  Evolution Chamber, Drone x2  
  65  4:45  Overlord  
  66  4:52  Zergling x4  
  68  4:53  Drone x4  
  68  4:56  Drone  
  68  4:58  Drone  
  74  5:02  Drone  
  74  5:03  Zerg Ground Armor Level 1  
  74  5:09  Drone x5  
  74  5:10  Drone  
  74  5:12  Drone  
  81  5:17  Overlord  
  81  5:20  Zerg Melee Weapons Level 1  
  81  5:21  Lair  
  81  5:23  Zergling x2  
  82  5:31  Overlord  
  82  5:35  Hatchery, Drone x2  
  81  5:36  Extractor x2  
  81  5:38  Drone x3  
  81  5:42  Baneling Nest  
  83  5:43  Drone x3  
  83  5:47  Zergling x6  
  89  5:51  Zergling x6  
  89  5:53  Drone  
  89  5:55  Drone x3  
  96  5:59  Zergling x2  
  97  6:04  Zergling x2  
  97  6:06  Overlord  
  98  6:13  Overlord  
  98  6:19  Overlord  
  98  6:21  Hatchery, Drone  
  98  6:22  Overseer  
  98  6:24  Overlord x2  
  98  6:25  Centrifical Hooks  
  98  6:27  Zergling x12  
  98  6:28  Zergling x4  
  98  6:32  Zergling x2  
  107  6:33  Overseer  
  107  6:36  Spore Crawler  
  107  6:39  Zergling x4  
  108  6:45  Zergling x14  
  115  6:51  Zergling x4  
  115  6:52  Zergling x4  
  115  6:53  Zergling x4  
  119  6:57  Zergling x2  
  119  7:03  Zergling x2  
  119  7:04  Zergling x4  
  121  7:10  Zergling x10  
  121  7:13  Zergling x2  
  121  7:15  Zergling x2  
  107  7:20  Zergling x8  
  96  7:24  Zergling x2  
  96  7:28  Drone  
  97  7:30  Zerg Ground Armor Level 2  
  97  7:31  Zerg Melee Weapons Level 2  
  97  7:32  Drone  
  97  7:35  Zergling x2  
  97  7:36  Queen, Overseer  
  101  7:37  Baneling x4  
  101  7:38  Drone x2, Baneling  
  101  7:43  Hatchery  
  103  7:44  Zergling x4  
  103  7:45  Baneling x6  
  103  7:47  Zergling x2  
  105  7:53  Baneling x2  
  105  7:54  Zergling x4  
  105  7:55  Zergling x2  
  105  7:56  Zergling x2  
  105  7:57  Zergling x2  
  109  7:59  Zergling x2  
  109  8:00  Zergling x8  
  109  8:02  Zergling x2  
  109  8:05  Zergling x2  
  104  8:06  Zergling x2  
  104  8:08  Zergling x2  
  104  8:12  Drone  
  102  8:16  Baneling x6  
  102  8:17  Zergling x4  
  102  8:18  Zergling x2  
  105  8:20  Zergling x6  
  105  8:23  Burrow, Drone  
  105  8:24  Drone  
  105  8:26  Infestation Pit, Drone x5  
  114  8:28  Drone  
  114  8:32  Zergling x4  
  117  8:38  Drone x2  
  119  8:44  Overlord x2, Spore Crawler  
  119  8:46  Spore Crawler  
  117  8:48  Zergling x4  
  117  8:49  Zergling x2  
  117  8:51  Overlord  
  121  8:55  Zergling x10  
  121  8:56  Zergling x2  
  121  8:59  Drone x2  
  125  9:02  Overlord  
  125  9:06  Hive  
  125  9:07  Drone x6  
  125  9:08  Zergling x4  
  125  9:09  Baneling  
  133  9:10  Zergling x4, Baneling x7  
  135  9:17  Zergling x2  
  135  9:18  Zergling x12  
  135  9:20  Zergling x2  
  135  9:21  Zergling x4  
  145  9:26  Zergling x2  
  146  9:31  Zergling x8  
  146  9:33  Zergling x2  
  146  9:35  Drone  
  144  9:40  Drone x4  
  144  9:42  Drone x4, Extractor  
  144  9:43  Zergling x2, Hydralisk Den, Extractor  
  144  9:44  Queen  
  152  9:45  Baneling x4  
  152  9:46  Baneling  
  152  9:47  Zergling x12  
  152  9:51  Overlord  
  149  9:54  Zergling x6  
  149  9:57  Queen  
  151  10:00  Zergling x6  
  151  10:07  Drone x3  
  153  10:08  Drone x2  
  153  10:09  Zergling x2  
  153  10:10  Zergling x6  
  159  10:14  Zergling x4  
  159  10:16  Zergling x8  
  159  10:21  Zergling x6, Lurker Den, Baneling  
  161  10:22  Baneling x8  
  161  10:26  Zergling x4  
  163  10:30  Hydralisk  
  163  10:32  Overlord x3  
  163  10:34  Hatchery  
  160  10:42  Hydralisk, Baneling x3  
  154  10:43  Zergling x10  
  154  10:44  Overlord, Hydralisk  
  154  10:46  Zergling x2  
  154  10:47  Hydralisk, Baneling x6  
  154  10:48  Zergling x2  
  159  10:50  Hydralisk, Extractor  
  159  10:51  Extractor  
  159  10:53  Hydralisk  
  159  10:55  Hydralisk x2  
  159  10:56  Hydralisk  
  155  11:00  Queen x2  
  155  11:01  Zergling x2, Hydralisk  
  155  11:02  Zergling x4  
  163  11:05  Baneling x3  
  163  11:08  Zergling x2, Hydralisk  
  163  11:09  Zergling x8  
  163  11:11  Overlord  
  165  11:14  Hydralisk  
  167  11:19  Overlord x2  
  167  11:25  Lurker x4  
  167  11:31  Viper x2  
  171  11:38  Seismic Spines  
  171  11:39  Zergling x22  
  181  11:40  Zergling x6  
  180  11:47  Viper  
  180  11:50  Zergling x10  
  183  11:57  Muscular Augments  
  183  11:58  Zergling x2, Hydralisk  
  183  12:05  Hydralisk  
  183  12:06  Zergling x16  
  189  12:13  Overlord  
  181  12:15  Drone x2  
  181  12:16  Drone  
  176  12:24  Hydralisk x3  
  176  12:25  Zergling x4  
  173  12:31  Hydralisk  
  173  12:32  Zergling x2, Hydralisk x3  
  172  12:37  Lurker x3  
  172  12:38  Zergling x2  
  172  12:39  Zergling x8  
  176  12:45  Extractor  
  176  12:46  Extractor  
  176  12:48  Adaptive Talons  
  176  12:49  Zergling x18  
  176  12:51  Baneling  
  181  12:56  Overlord  
  181  12:57  Hydralisk  
  181  12:58  Zergling x6  
  184  13:03  Baneling x4  
  184  13:04  Overlord  
  183  13:15  Hydralisk  
  183  13:16  Zergling x8  
  183  13:17  Hydralisk  
  183  13:18  Hydralisk  
  160  13:21  Hydralisk  
  160  13:22  Zergling x8  
  163  13:27  Zergling x12  
  163  13:30  Hydralisk  
  163  13:31  Hydralisk  
  163  13:33  Zergling x2  
  171  13:37  Zergling x2  
  165  13:41  Zergling x2  
  166  13:50  Baneling x3  
  166  13:51  Lurker x4, Baneling  
  166  13:53  Zergling x14, Queen  
  178  13:58  Hatchery  
  178  13:59  Hydralisk  
  178  14:00  Zergling x10  
  181  14:07  Hydralisk  
  181  14:08  Zergling x4  
  181  14:09  Lurker x3  
  173  14:11  Zergling x8  
  173  14:15  Hydralisk  
  172  14:20  Queen  
  172  14:21  Zergling x8, Hydralisk  
  172  14:23  Lurker x2  
  178  14:25  Zergling x8  
  182  14:33  Hydralisk  
  182  14:34  Zergling x4  
  182  14:37  Zergling x4  
  187  14:43  Hydralisk  
  187  14:44  Zergling x2  
  180  14:48  Hydralisk  
  180  14:49  Zergling x6  
  181  14:53  Hydralisk  
  181  14:54  Zergling x8  
  182  15:00  Hydralisk  
  182  15:01  Zergling x2  
  182  15:04  Hydralisk x2  
  189  15:07  Drone  
  189  15:10  Lurker x5  
  189  15:11  Zergling x6  
  189  15:12  Zergling x2  
  199  15:14  Zergling x2  
  199  15:15  Zergling x2  
  199  15:16  Hydralisk  
  199  15:18  Hydralisk  
  199  15:21  Drone x3  
  188  15:23  Drone  
  188  15:24  Drone  
  188  15:28  Zergling x2, Hydralisk  
  186  15:32  Zergling x4, Hydralisk  
  186  15:33  Zergling x4  
  186  15:34  Lurker x2  
  186  15:35  Lurker  
  190  15:40  Hydralisk  
  190  15:41  Zergling x12  
  191  15:43  Hydralisk  
Tags
 
Add a new tag
Caveats
  • Supply blocks, unpowered buildings, or Contaminate may cause inaccurate times.
  • Supply counts are checked every 10 seconds.